 Dungeon Crawl Stone Soup version 0.30.1-11-g7821555f0a (webtiles) character file.

Game seed: 16218334352086438663

37023 jagang the Warrior (level 13, -5/124 HPs)
             Began as a Barachi Monk on Nov 8, 2023.
             Was a High Priest of the Shining One.
             Slain by a skeletal warrior
             ... wielding a +0 glaive
              (8 damage)
             ... on level 13 of the Dungeon on Nov 9, 2023.
             The game lasted 01:09:57 (16584 turns).

jagang the Warrior (Barachi Monk)                  Turns: 16584, Time: 01:09:58

Health: -5/124     AC: 22    Str: 12    XL:     13   Next: 94%
Magic:  16/16      EV: 10    Int: 13    God:    the Shining One [*****.]
Gold:   1003       SH:  0    Dex: 23    Spells: 12/12 levels left

rFire   . . .        S - +1 falchion (heavy)
rCold   + . .        d - +0 kite shield
rNeg    + + .        B - +0 ice dragon scales
rPois   +            (no helmet)
rElec   .            r - +2 cloak {Will+}
rCorr   .            X - +0 pair of gloves
SInv    .            P - +2 pair of boots
Will    +....        (no amulet) Stlth
                     h - ring of poison resistance
HPRegen 0.40/turn    Q - ring of the Shifting Gods {Fire Dex+5}
MPRegen 0.15/turn

%: no passive effects
@: confused, ambrosia-drunk, unable to hop, glowing, slow
A: amphibious, slowness 1, strong legs 2, +LOS
a: Hop, Renounce Religion, Divine Shield, Cleansing Flame, Summon Divine Warrior


You were on level 13 of the Dungeon.
You worshipped the Shining One.
The Shining One was extremely pleased with you.
You visited 4 branches of the dungeon, and saw 17 of its levels.

You collected 1386 gold pieces.
You spent 383 gold pieces at shops.

Inventory:

Hand Weapons
 S - a +1 heavy falchion (weapon)
 V - a +0 scimitar of protection
Missiles
 A - 7 poisoned darts
 O - 2 silver javelins
Armour
 d - a +0 kite shield (worn)
 r - a +2 cloak of willpower (worn)
 B - +0 ice dragon scales (worn)
 P - a +2 pair of boots (worn)
 X - a +0 pair of gloves (worn)
Jewellery
 h - a ring of poison resistance (left hand)
 M - a ring of flight
 Q - the ring of the Shifting Gods (right hand) {Fire Dex+5}
   (You took it off an orc warrior on level 8 of the Dungeon)

   [ring of fire]

   It enhances your fire magic.
   Dex:       It affects your dexterity (+5).
   rF:        It protects you from fire.
   rC:        It makes you vulnerable to cold.
Wands
 j - a wand of polymorph (3) (quivered)
 J - a wand of paralysis (20)
 R - a wand of mindburst (2)
 W - a wand of acid (4)
 Y - a wand of roots (2)
 Z - a wand of flame (8)
Scrolls
 g - 6 scrolls of magic mapping
 k - a scroll of fear
 m - 2 scrolls of immolation
 n - 4 scrolls of teleportation
 o - 2 scrolls of poison
 s - a scroll of silence
 t - a scroll of identify
 v - 2 scrolls of vulnerability
 z - 2 scrolls of enchant weapon
 D - 2 scrolls of blinking
 K - 3 scrolls of fog
Potions
 b - a potion of attraction {unknown}
 c - 3 potions of ambrosia
 e - a potion of haste {unknown}
 f - 4 potions of curing {unknown}
 i - 5 potions of heal wounds
 l - 2 potions of resistance {unknown}
 q - a potion of berserk rage
 u - 3 potions of magic {unknown}
 w - 2 potions of mutation {unknown}
 x - 2 potions of lignification {unknown}
 E - 3 potions of brilliance
 F - 2 potions of flight {unknown}
 G - 3 potions of might {unknown}
 L - 3 potions of degeneration {unknown}
 U - a potion of invisibility {unknown}


   Skills:
 * Level 18.8 Fighting
 * Level 15.4 Long Blades
 - Level 4.1 Throwing
 + Level 11.4 Armour
 - Level 5.0 Dodging
 + Level 8.0 Shields
 + Level 4.3 Invocations
 - Level 7.2 Evocations


You had 12 spell levels left.
You didn't know any spells.
Your spell library contained the following spells:

 Spells                   Type           Power      Damage    Failure   Level
 Sting                    Tmut/Pois      0%         1d3       99%         1
 Poisonous Vapours        Pois/Air       0%         N/A       99%         2
 Scorch                   Fire           0%         2d5       99%         2
 Volatile Blastmotes      Fire/Tloc      0%         2d10      100%        3
 Flame Wave               Conj/Fire      0%         2d4       100%        4
 Fulminant Prism          Conj/Hex       0%         3d5       100%        4
 Iskenderun's Mystic Bla  Conj/Tloc      0%         2d3       100%        4
 Olgreb's Toxic Radiance  Pois           0%         N/A       100%        4
 Fireball                 Conj/Fire      0%         3d3       100%        5
 Iskenderun's Battlesphe  Conj           0%         2d6       100%        5
 Lee's Rapid Deconstruct  Erth           0%         3d4*      100%        5
 Conjure Ball Lightning   Conj/Air       0%         3x3d6     100%        6
 Summon Cactus Giant      Summ           0%         N/A       100%        6
 Orb of Destruction       Conj           0%         9d5       100%        7


Dungeon Overview and Level Annotations

Branches:
Dungeon (13/15)            Temple (1/1) D:4            Lair (1/5) D:8
    Orc (2/2) D:10            Elf (0/3) Orc:2
 Vaults: D:13-14

Altars:
Ashenzari
Cheibriados
Dithmenos
Elyvilon
Fedhas
Gozag
Hepliaklqana
Kikubaaqudgha
Makhleb
Nemelex Xobeh
Okawaru
Qazlal
Ru
Sif Muna
Trog
Uskayaw
Vehumet
Wu Jian
Xom
Yredelemnul
Zin
The Shining One

Shops:
D:10 :=   Orc:1 ?   Orc:2 [([:*


Innate Abilities, Weirdness & Mutations

You are amphibious.
You cover ground slowly.
You can hop long distances.
You have an extended range of vision and can be seen from far away.


Message History

You block the skeletal warrior's attack.
You hit the skeletal warrior.
The skeletal warrior is almost destroyed.
The tengu warrior closely misses you. The tengu warrior barely misses you.
The tengu warrior claws you but does no damage.
The skeletal warrior hits you with a +0 scimitar!!
* * * LOW HITPOINT WARNING * * *
Hop to where?
Press: ? - help, Dir - move target Boing!
The vault guard shouts!
The cyclops shouts!
You are confused.
You feel invigorated.
The skeletal warrior hits you from afar with a +0 glaive.
* * * LOW HITPOINT WARNING * * *
You hit the skeletal warrior but do no damage.
The skeletal warrior hits you from afar with a +0 glaive!
The Shining One protects you from harm!
The skeletal warrior hits you but does no damage.
You hit the skeletal warrior but do no damage.
The skeletal warrior hits you from afar with a +0 glaive.
* * * LOW HITPOINT WARNING * * *
The skeletal warrior hits you but does no damage.
The skeletal warrior closely misses you.
You bump into the rock wall.
The skeletal warrior hits you with a +0 battleaxe!!
The Shining One protects you from harm! The skeletal warrior barely misses you.
The skeletal warrior hits you from afar with a +0 glaive!
* * * LOW HITPOINT WARNING * * *
You are too confused!
You hit the skeletal warrior.
The skeletal warrior is lightly damaged.
The tengu warrior hits you with a +2 battleaxe.
* * * LOW HITPOINT WARNING * * *
The tengu warrior pecks you but does no damage.
The tengu warrior claws you but does no damage.
The skeletal warrior hits you but does no damage.
The skeletal warrior hits you from afar with a +0 glaive!
You die...

##.## #.....#.###..# ##.....#
##.# #.#.z...# #... #......#
##.# #.#.#.#.###.##.##.....##
...# #.#z#.#... ......#.#.#
#### #.#Q#....##.##.##.#.#.#
### #.#.#.C.p##...........###
..# #.#z##!zz# ###...........
#.#######.#.# ##z#
####.....### ...>......#.#
##@########(##.##
#.#########.###zQ.........##.#
..# #........######.##p####
### #####...#######........
###### ##..........#.#####
...... ############.#####
###.#. #.....# # #####.# . #.#


You could see a vault guard, 5 skeletal warriors, a tengu warrior and a cyclops.

Vanquished Creatures
  Kirke (D:12)
  An orc warlord (Orc:2)
  Snorg (D:11)
  4 two-headed ogres
  2 centaur warriors
  A boulder beetle (D:11)
  An orc high priest (Orc:2)
  3 orc knights
  3 orc sorcerers (Orc:2)
  3 ugly things
  4 cyclopes
  3 gargoyles
  3 unseen horrors
  A komodo dragon (D:8)
  6 rime drakes (D:9)
  2 tengu conjurers
  6 trolls
  A queen bee (D:10)
  A polar bear (D:13)
  A wolf spider simulacrum (D:13)
  Grinder (D:5)
  3 hornets
  16 slime creatures (D:12)
  A shadow (D:11)
  A hog (D:12)
  A vampire (D:11)
  3 wyverns
  16 yaks
  3 fire bats (Orc:2)
  3 wraiths
  3 vampire mosquitoes (D:13)
  2 steam dragons
  4 wargs
  2 water moccasins
  2 acid dragons (D:12)
  Duvessa (D:7)
  An ice beast (D:8)
  A black bear (D:5)
  36 orc warriors
  2 sky beasts
  7 ogres
  3 centaurs
  A phantom (D:5)
  3 kobold brigands
  4 bullfrogs
  3 scorpions
  Dowan (D:7)
  59 killer bees
  4 howler monkeys
  4 hounds
  2 jellies
  24 orc priests
  Jessica (D:2)
  2 iguanas (D:6)
  19 orc wizards
  7 gnolls
  8 adders
  A shadow imp (D:5)
  3 white imps
  2 ufetubi
  4 worms
  2 dart slugs
  89 orcs
  A bat (D:3)
  8 endoplasms
  4 giant cockroaches
  8 hobgoblins
  13 kobolds
  9 quokkas
  6 ball pythons
  2 frilled lizards (D:2)
  8 goblins
  8 rats
470 creatures vanquished.

Vanquished Creatures (others)
  An orc (D:8)
1 creature vanquished.

Grand Total: 471 creatures vanquished

Notes
Turn   | Place    | Note
-------+----------+-------------------------------------------
     0 | D:1      | jagang the Barachi Monk began the quest for the Orb.
     0 | D:1      | Reached XP level 1. HP: 18/18 MP: 1/1
   216 | D:1      | Reached XP level 2. HP: 25/25 MP: 2/2
   234 | D:1      | Reached skill level 1 in Armour
   283 | D:1      | Found a faded altar of an unknown god.
   294 | D:1      | Reached skill level 4 in Fighting
   495 | D:1      | Reached XP level 3. HP: 21/30 MP: 3/3
  1183 | D:2      | Noticed Jessica
  1190 | D:2      | Killed Jessica
  1191 | D:2      | Reached XP level 4. HP: 36/38 MP: 4/4
  1273 | D:2      | Identified the +1 ring mail "Ameoliko" {rElec Dex+2}
  1286 | D:2      | Found a bloodstained altar of Trog.
  1292 | D:2      | Reached skill level 5 in Fighting
  1816 | D:3      | Found a burning altar of Makhleb.
  1817 | D:3      | Found a bloodstained altar of Trog.
  1879 | D:3      | Reached XP level 5. HP: 44/44 MP: 5/5
  2111 | D:4      | Found a staircase to the Ecumenical Temple.
  2117 | Temple   | Entered the Ecumenical Temple
  2211 | Temple   | Became a worshipper of the Shining One
  2211 | Temple   | Reached * piety under the Shining One
  2211 | Temple   | Reached ** piety under the Shining One
  2237 | D:4      | Reached skill level 5 in Long Blades
  2245 | D:4      | Reached skill level 6 in Fighting
  2336 | D:4      | Reached XP level 6. HP: 52/52 MP: 6/6
  2724 | D:5      | Entered Level 5 of the Dungeon
  2779 | D:5      | Noticed a black bear
  2791 | D:5      | Killed a black bear
  2822 | D:5      | Reached skill level 7 in Fighting
  2860 | D:5      | You fall into a shaft and drop 2 floors!
  2899 | D:7      | Noticed Duvessa
  2899 | D:7      | Noticed Dowan
  2917 | D:7      | Killed Duvessa
  2918 | D:7      | Reached XP level 7. HP: 56/60 MP: 4/7
  2932 | D:7      | Killed Dowan
  2933 | D:7      | Reached skill level 1 in Throwing
  2939 | D:7      | Reached skill level 1 in Invocations
  3001 | D:7      | Reached skill level 8 in Fighting
  3008 | D:7      | Reached skill level 5 in Armour
  3018 | D:7      | Reached XP level 8. HP: 13/68 MP: 9/9
  3331 | D:7      | Found an ancient bone altar of Kikubaaqudgha.
  3411 | D:7      | Reached skill level 9 in Fighting
  3411 | D:7      | Reached skill level 5 in Dodging
  3708 | D:5      | Noticed a wyvern
  3737 | D:5      | Killed a wyvern
  3940 | D:5      | Reached skill level 10 in Fighting
  4122 | D:5      | Reached XP level 9. HP: 70/79 MP: 9/11
  4370 | D:5      | Noticed Grinder
  4395 | D:5      | Paralysed by Grinder for 2 turns
  4402 | D:5      | Killed Grinder
  4403 | D:5      | Reached skill level 11 in Fighting
  5521 | D:7      | Reached skill level 12 in Fighting
  5830 | D:8      | Reached skill level 1 in Evocations
  6077 | D:8      | Reached XP level 10. HP: 75/91 MP: 12/12
  6079 | D:8      | Reached skill level 13 in Fighting
  6079 | D:8      | Reached skill level 1 in Shields
  6091 | D:8      | Reached skill level 10 in Long Blades
  6136 | D:8      | Reached *** piety under the Shining One
  6150 | D:8      | Identified the ring of the Shifting Gods {Fire Dex+5}
  6154 | D:8      | Noticed a two-headed ogre
  6190 | D:8      | Killed a two-headed ogre
  6215 | D:8      | Reached skill level 14 in Fighting
  6649 | D:8      | Found a shimmering altar of Xom.
  6696 | D:8      | Found a sparkling altar of Nemelex Xobeh.
  6842 | D:8      | Noticed a centaur warrior
  6883 | D:8      | Killed a centaur warrior
  6884 | D:8      | Reached skill level 15 in Fighting
  6884 | D:8      | Reached XP level 11. HP: 82/102 MP: 13/13
  7342 | D:8      | Found a staircase to the Lair.
  7657 | D:9      | Noticed a two-headed ogre
  7688 | D:9      | Killed a two-headed ogre
  7896 | D:9      | Found the +4 skin of Zhor {*Englaciate rC+++ SInv}
  7903 | D:9      | Reached skill level 16 in Fighting
  8216 | D:9      | Found an iron altar of Okawaru.
  8219 | D:9      | Found a broken altar of Ashenzari.
  8221 | D:9      | Found a hazy altar of Hepliaklqana.
  8227 | D:9      | Found a basalt altar of Yredelemnul.
  8288 | D:9      | Found a hide-covered altar of Uskayaw.
  8289 | D:9      | Found a blossoming altar of Fedhas.
  8339 | D:9      | Found a white marble altar of Elyvilon.
  8468 | D:10     | Entered Level 10 of the Dungeon
  8474 | D:10     | Noticed a two-headed ogre
  8479 | D:10     | Killed a two-headed ogre
  8582 | D:10     | Reached skill level 5 in Evocations
  8816 | D:10     | Reached skill level 5 in Shields
  9145 | D:10     | Found Xovupp's One-of-a-Kind Rings.
  9205 | D:10     | Noticed a walking earthen tome
  9209 | D:10     | Reached XP level 12. HP: 108/113 MP: 14/14
  9214 | D:10     | Found Ublecin's Book Shoppe.
  9238 | D:10     | Noticed a walking earthen tome
  9330 | D:10     | Found a staircase to the Orcish Mines.
  9407 | D:10     | Reached **** piety under the Shining One
 10022 | D:11     | Reached skill level 17 in Fighting
 10229 | D:11     | Found a hazy altar of Hepliaklqana.
 10293 | D:11     | Noticed a two-headed ogre
 10307 | D:11     | Killed a two-headed ogre
 10908 | D:12     | Reached skill level 10 in Armour
 11671 | D:12     | Noticed a boulder beetle
 11693 | D:11     | Killed a boulder beetle
 11895 | D:12     | Noticed Snorg
 11915 | D:11     | Killed Snorg
 12215 | D:12     | Found an iron altar of Okawaru.
 12286 | D:12     | Reached ***** piety under the Shining One
 12290 | D:12     | Gained mutation: You can hop long distances. [Barachi
                  | growth]
 12290 | D:12     | Reached XP level 13. HP: 110/122 MP: 15/15
 12683 | D:12     | Reached skill level 18 in Fighting
 13093 | Lair:1   | Entered Level 1 of the Lair of Beasts
 13154 | Orc:1    | Entered Level 1 of the Orcish Mines
 13657 | Orc:1    | Found Wicixeh's Magic Scroll Shop.
 13660 | Orc:1    | Bought a scroll of enchant armour for 75 gold pieces
 13660 | Orc:1    | Bought a scroll of identify for 20 gold pieces
 13660 | Orc:1    | Bought a scroll of identify for 20 gold pieces
 13660 | Orc:1    | Bought a scroll of enchant weapon for 75 gold pieces
 13683 | Orc:2    | Entered Level 2 of the Orcish Mines
 13683 | Orc:2    | Found Caapn's Armour Emporium.
 14448 | Orc:2    | Paralysed by an orc sorcerer for 5 turns
 14810 | Orc:2    | Noticed an orc warlord
 14831 | Orc:2    | Killed an orc warlord
 14968 | Orc:2    | Paralysed by an orc sorcerer for 3 turns
 14985 | Orc:2    | Reached skill level 15 in Long Blades
 14992 | Orc:2    | Found Wiwk's Antique Weapon Boutique.
 15024 | Orc:2    | Found Tuucher's Antique Armour Boutique.
 15218 | Orc:2    | Found a staircase to the Elven Halls.
 15366 | Orc:2    | Bought a +0 cloak of willpower for 161 gold pieces
 15390 | Orc:2    | Found Zegaiss's Book Boutique.
 15408 | Orc:2    | Found Ynameoz's General Store.
 15415 | Orc:2    | Bought a scroll of identify for 32 gold pieces
 15826 | D:13     | Noticed Kirke
 15855 | D:12     | Killed Kirke
 16186 | D:13     | Noticed a vault guard
 16574 | D:13     | HP: 3/124 [skeletal warrior/+0 scimitar (22)]
 16580 | D:13     | HP: 4/124 [skeletal warrior/+0 glaive (5)]
 16581 | D:13     | The Shining One protects you from harm!
 16583 | D:13     | The Shining One protects you from harm!
 16584 | D:13     | Slain by a skeletal warrior

Illustrated notes

Levels and vault maps discovered:
D:1:      dpeg_arrival_long_road, layout_basic,
          ebering_ecumenical_altar_petrified
D:2:      layout_basic, basic_altar, serial_corexii_hall,
          corexii_hall_statues_s, corexii_hall_statues_u, uniq_jessica
D:3:      layout_loops_cross, nicolae_overflow_two_pavilions,
          hangedman_decor_peaks_small
D:4:      layout_rooms, minmay_temple_entry_glass, st_stairs_4, minivault_1
D:5:      layout_loops_ring, uniq_grinder
D:6:      layout_gridville
D:7:      layout_rooms, lemuel_doored_altar, serial_curves, eino_curves_04,
          eino_curves_01, minmay_misc_feat_tiny, uniq_duvessa
D:8:      layout_rooms, xom_confusion_cloud, mainiacjoe_overflow_alcove_4,
          david_lair_shrubbed, kennysheep_another_room, wad_woods_river_04,
          chequers_serial_rivers_marsh, hangedman_decor_push, nzn_random_ring
D:9:      layout_small_grid, kennysheep_ying_yang, grunt_temple_overflow_open,
          hellmonk_guarded_unrand_zhor
D:10:     layout_gridville, hiddenorc2_lemuel, special_room [special_room_bee],
          serial_shops, nicolae_shop_mannequins, nicolae_shop_unique_rings
D:11:     layout_loops_ring, nicolae_hepliaklqana_hazy_memory
D:12:     kennysheep_spiral_hall, layout_basic, okawaru_altar_gauntlet_db,
          uniq_snorg
D:13:     layout_loops_ring, david_vaults_5, hangedman_tell_no_tales, uniq_kirke
Temple:   compressed_dpeg_circular_temple
Lair:1:   layout_cellular_growth, gammafunk_ghost_abyssal_escape,
          grunt_megastairs_2, infiniplex_staircase_pool
Orc:1:    layout_diamond_mine, serial_shops, nicolae_shop_rolled_up,
          david_defended_altar_orc
Orc:2:    grunt_orc_cross, layout_caves, nicolae_volcano_entry_batcave,
          serial_shops, shop

Skill      XL: |  1  2  3  4  5  6  7  8  9 10 11 12 13 |
---------------+----------------------------------------+-----
Armour         | 1 2 3 4 5 6 7 8 9 10 11 | 11.4
Fighting       | 4 5 6 7 8 10 12 15 16 17 18 | 18.8
Long Blades    | 4 5 6 8 9 11 12 14 15 | 15.4
Dodging        | 4 5 |  5.0
Throwing       | 1 2 4 |  4.1
Invocations    | 1 2 3 4 |  4.3
Evocations     | 1 3 5 6 7 |  7.2
Shields        | 3 5 6 8 |  8.0

Action                     |  1- 3 |  4- 6 |  7- 9 | 10-12 | 13-15 || total
---------------------------+-------+-------+-------+-------+-------++-------
  Melee: Falchion          |    88 |   128 |   437 |   714 |   389 ||  1756
         Unarmed           |       |       |       |       |     6 ||     6
  Throw: Boomerang         |       |    26 |       |     6 |     4 ||    36
         Dart              |       |    10 |    42 |   121 |    72 ||   245
         Javelin           |       |       |     4 |     1 |       ||     5
 Invoke: Divine Shield     |       |     1 |       |       |       ||     1
         Cleansing Flame   |       |       |       |       |     3 ||     3
Ability: Hop               |       |     4 |     5 |    10 |     8 ||    27
  Evoke: Wand              |       |       |       |       |     6 ||     6
    Use: Scroll            |       |     4 |     1 |     8 |    10 ||    23
         Potion            |       |       |       |       |     2 ||     2
 Armour: Robe              |     5 |       |       |       |       ||     5
         Plate armour      |    14 |    27 |       |       |       ||    41
         Ice dragon scales |       |    31 |   258 |   341 |   278 ||   908
  Dodge: Dodged            |    45 |    88 |   450 |   368 |   191 ||  1142
  Block: Orb               |       |     3 |     3 |       |       ||     6
         Buckler           |       |       |     3 |   214 |    88 ||   305
         Kite shield       |       |       |       |       |   156 ||   156
